[ PARTIDA AOE2 · #495998211 ]
UnrankedYurchen vs Georgians
Equipo del jugador · VICT
Equipo rival · DERR
[ ANÁLISIS DE REPETICIÓN · EXTRAÍDO DE LA PARTIDA GRABADA ]
Feudal
8:30
Castillos
22:10
Imperial
—
| APM promedio | 55.6 |
| APM pico | 93 |
| eAPM promedio | 23.3 |
| Aldeanos / militares | 48 / 43 |
Foco
⚔️ 37.1% · 🌾 62.9%
Spearman ×17 · Scout Cavalry ×15 · Steppe Lancer ×11
Feudal
8:58
Castillos
—
Imperial
—
| APM promedio | 51.0 |
| APM pico | 87 |
| eAPM promedio | 24.1 |
| Aldeanos / militares | 45 / 32 |
Foco
⚔️ 38.7% · 🌾 61.3%
Spearman ×25 · Scout Cavalry ×7
Mapa de la partida
Recursos iniciales + cada clic de construcción. Líneas = muros · curvas = relieve. ◆ oro · ⬟ piedra · ● bayas · ✦ reliquia · ◌ hueco del cierre
Tu base· Abierta — hueco de 1t
Base de Voxer El Brazilian· Abierta — hueco de 4t
Terreno inicial suavizado · ◌ = hueco del cierre detectado · pasá el cursor para detalles
Inputs por minuto
— SneakySalmon - - Voxer El Brazilian
Build order — SneakySalmon
Primeras 150 de 152 acciones detectadas
| 0:00 | Crear | Villager (Male) |
| 0:00 | Crear | Villager (Male) |
| 0:01 | Crear | Villager (Male) |
| 0:01 | Crear | Villager (Male) |
| 0:02 | Construir | House |
| 0:05 | Construir | House |
| 1:35 | Crear | Villager (Male) |
| 1:36 | Crear | Villager (Male) |
| 1:56 | Construir | Lumber Camp |
| 1:59 | Crear | Villager (Male) |
| 2:19 | Crear | Villager (Male) |
| 2:44 | Crear | Villager (Male) |
| 2:44 | Crear | Villager (Male) |
| 3:10 | Crear | Villager (Male) |
| 3:34 | Crear | Villager (Male) |
| 3:35 | Crear | Villager (Male) |
| 3:50 | Construir | House |
| 4:02 | Crear | Villager (Male) |
| 4:03 | Crear | Villager (Male) |
| 4:28 | Crear | Villager (Male) |
| 4:28 | Crear | Villager (Male) |
| 4:28 | Crear | Villager (Male) |
| 4:28 | Crear | Villager (Male) |
| 4:34 | Construir | Mill |
| 4:55 | Crear | Villager (Male) |
| 5:23 | Crear | Villager (Male) |
| 6:20 | Investigar | Feudal Age |
| 7:08 | Construir | Palisade Wall |
| 7:10 | Construir | Palisade Wall |
| 7:11 | Construir | Palisade Wall |
| 7:13 | Construir | Palisade Wall |
| 7:13 | Construir | Palisade Wall |
| 7:16 | Construir | Palisade Wall |
| 7:19 | Construir | Palisade Wall |
| 7:19 | Construir | Palisade Wall |
| 7:20 | Construir | Palisade Wall |
| 7:20 | Construir | Palisade Wall |
| 7:25 | Construir | House |
| 7:48 | Construir | Barracks |
| 7:50 | Crear | Villager (Male) |
| 8:30 | Edad | Edad Feudal |
| 8:48 | Construir | Stable |
| 8:51 | Crear | Villager (Male) |
| 9:00 | Investigar | Double-Bit Axe |
| 9:02 | Crear | Villager (Male) |
| 9:08 | Construir | House |
| 9:24 | Crear | Spearman |
| 9:28 | Crear | Villager (Male) |
| 9:38 | Crear | Scout Cavalry |
| 9:38 | Crear | Scout Cavalry |
| 9:45 | Investigar | Horse Collar |
| 9:58 | Construir | House |
| 10:06 | Crear | Spearman |
| 10:07 | Crear | Villager (Male) |
| 10:21 | Crear | Villager (Male) |
| 10:26 | Construir | Farm |
| 10:33 | Crear | Villager (Male) |
| 10:46 | Crear | Scout Cavalry |
| 10:57 | Construir | Farm |
| 10:59 | Construir | Farm |
| 11:00 | Crear | Villager (Male) |
| 11:12 | Crear | Spearman |
| 11:25 | Crear | Villager (Male) |
| 11:28 | Crear | Spearman |
| 11:31 | Crear | Scout Cavalry |
| 11:37 | Construir | Farm |
| 11:53 | Crear | Villager (Male) |
| 11:57 | Construir | House |
| 12:04 | Crear | Scout Cavalry |
| 12:16 | Crear | Spearman |
| 12:18 | Construir | Farm |
| 12:20 | Construir | House |
| 12:23 | Crear | Villager (Male) |
| 12:46 | Crear | Scout Cavalry |
| 12:50 | Crear | Villager (Male) |
| 13:07 | Crear | Villager (Male) |
| 13:09 | Crear | Spearman |
| 13:20 | Crear | Villager (Male) |
| 13:32 | Construir | Farm |
| 13:32 | Construir | Farm |
| 13:32 | Construir | Farm |
| 13:33 | Construir | Farm |
| 13:36 | Crear | Spearman |
| 13:37 | Crear | Scout Cavalry |
| 13:43 | Construir | House |
| 13:44 | Crear | Villager (Male) |
| 13:47 | Construir | Farm |
| 13:58 | Crear | Scout Cavalry |
| 14:06 | Crear | Villager (Male) |
| 14:10 | Construir | Farm |
| 14:20 | Crear | Spearman |
| 14:44 | Crear | Scout Cavalry |
| 15:05 | Investigar | Bloodlines |
| 15:05 | Crear | Villager (Male) |
| 15:08 | Crear | Villager (Male) |
| 15:15 | Construir | Mining Camp |
| 15:25 | Crear | Scout Cavalry |
| 15:28 | Crear | Spearman |
| 15:40 | Construir | Farm |
| 16:01 | Crear | Villager (Male) |
| 16:02 | Crear | Scout Cavalry |
| 16:02 | Crear | Scout Cavalry |
| 16:02 | Crear | Scout Cavalry |
| 16:14 | Crear | Villager (Male) |
| 16:22 | Construir | Farm |
| 16:47 | Investigar | Wheelbarrow |
| 16:51 | Construir | Farm |
| 17:25 | Construir | Watch Tower |
| 17:32 | Construir | Farm |
| 17:32 | Construir | Farm |
| 17:33 | Construir | Farm |
| 17:33 | Construir | Farm |
| 17:33 | Construir | Farm |
| 18:14 | Crear | Villager (Male) |
| 18:24 | Construir | Blacksmith |
| 19:05 | Investigar | Loom |
| 19:26 | Investigar | Castle Age |
| 19:26 | Investigar | Castle Age |
| 19:59 | Crear | Scout Cavalry |
| 19:59 | Crear | Scout Cavalry |
| 20:02 | Construir | Stable |
| 20:23 | Crear | Spearman |
| 20:23 | Crear | Spearman |
| 20:23 | Crear | Spearman |
| 20:46 | Investigar | Forging |
| 20:49 | Construir | Stable |
| 20:53 | Crear | Villager (Male) |
| 21:06 | Crear | Spearman |
| 21:07 | Crear | Spearman |
| 21:07 | Crear | Spearman |
| 21:36 | Crear | Spearman |
| 21:44 | Crear | Spearman |
| 21:48 | Investigar | Gold Mining |
| 22:10 | Edad | Edad de los Castillos |
| 22:11 | Crear | Steppe Lancer |
| 22:11 | Crear | Steppe Lancer |
| 22:12 | Crear | Steppe Lancer |
| 22:12 | Crear | Steppe Lancer |
| 22:12 | Crear | Steppe Lancer |
| 22:31 | Investigar | Bow Saw |
| 22:34 | Crear | Villager (Male) |
| 22:55 | Crear | Steppe Lancer |
| 22:55 | Crear | Steppe Lancer |
| 22:57 | Crear | Villager (Male) |
| 22:59 | Construir | Farm |
| 23:01 | Crear | Villager (Male) |
| 23:23 | Crear | Steppe Lancer |
| 23:23 | Crear | Steppe Lancer |
| 23:37 | Crear | Steppe Lancer |
| 23:37 | Crear | Steppe Lancer |
Build order — Voxer El Brazilian
148 acciones detectadas en el replay
| 0:00 | Crear | Villager (Male) |
| 0:00 | Crear | Villager (Male) |
| 0:01 | Construir | House |
| 0:02 | Construir | House |
| 0:15 | Crear | Villager (Male) |
| 0:15 | Crear | Villager (Male) |
| 1:28 | Crear | Villager (Male) |
| 2:03 | Crear | Villager (Male) |
| 2:03 | Crear | Villager (Male) |
| 2:27 | Crear | Villager (Male) |
| 2:54 | Crear | Villager (Male) |
| 3:21 | Crear | Villager (Male) |
| 3:39 | Crear | Villager (Male) |
| 3:40 | Crear | Villager (Male) |
| 3:56 | Construir | House |
| 4:34 | Crear | Villager (Male) |
| 4:55 | Crear | Villager (Male) |
| 5:15 | Crear | Villager (Male) |
| 5:43 | Construir | Mill |
| 5:48 | Crear | Villager (Male) |
| 6:10 | Investigar | Loom |
| 6:44 | Construir | Barracks |
| 6:48 | Investigar | Feudal Age |
| 7:25 | Construir | House |
| 8:06 | Crear | Villager (Male) |
| 8:35 | Crear | Villager (Male) |
| 8:58 | Edad | Edad Feudal |
| 9:00 | Construir | Stable |
| 9:01 | Crear | Spearman |
| 9:05 | Investigar | Double-Bit Axe |
| 9:05 | Investigar | Double-Bit Axe |
| 9:09 | Crear | Villager (Male) |
| 9:27 | Crear | Spearman |
| 9:30 | Crear | Villager (Male) |
| 9:42 | Crear | Scout Cavalry |
| 9:54 | Construir | House |
| 9:57 | Crear | Spearman |
| 9:59 | Crear | Villager (Male) |
| 10:16 | Crear | Villager (Male) |
| 10:26 | Crear | Scout Cavalry |
| 10:27 | Crear | Spearman |
| 10:28 | Crear | Villager (Male) |
| 10:49 | Construir | Blacksmith |
| 10:56 | Crear | Villager (Male) |
| 10:57 | Construir | House |
| 11:15 | Crear | Scout Cavalry |
| 11:17 | Crear | Villager (Male) |
| 11:26 | Construir | House |
| 11:27 | Construir | House |
| 11:34 | Crear | Villager (Male) |
| 11:37 | Investigar | Horse Collar |
| 11:38 | Investigar | Horse Collar |
| 11:41 | Construir | Farm |
| 11:55 | Investigar | Forging |
| 11:55 | Investigar | Forging |
| 12:12 | Crear | Villager (Male) |
| 12:16 | Construir | Farm |
| 12:19 | Construir | Farm |
| 12:22 | Construir | Farm |
| 12:25 | Crear | Spearman |
| 12:27 | Construir | Palisade Wall |
| 12:30 | Construir | Palisade Wall |
| 12:51 | Crear | Scout Cavalry |
| 12:52 | Crear | Spearman |
| 13:00 | Crear | Villager (Male) |
| 13:02 | Construir | House |
| 13:03 | Construir | House |
| 13:12 | Construir | Farm |
| 13:14 | Construir | Farm |
| 13:26 | Crear | Villager (Male) |
| 13:32 | Construir | House |
| 13:37 | Construir | Palisade Wall |
| 13:43 | Crear | Spearman |
| 13:44 | Crear | Villager (Male) |
| 13:45 | Construir | Farm |
| 13:49 | Construir | Farm |
| 13:54 | Construir | Farm |
| 13:58 | Construir | Farm |
| 14:07 | Crear | Spearman |
| 14:19 | Construir | Mule Cart |
| 14:23 | Crear | Villager (Male) |
| 14:27 | Construir | Farm |
| 14:41 | Crear | Spearman |
| 14:49 | Crear | Scout Cavalry |
| 14:59 | Construir | Farm |
| 15:05 | Crear | Villager (Male) |
| 15:19 | Crear | Spearman |
| 15:23 | Construir | Farm |
| 15:25 | Construir | Farm |
| 15:27 | Construir | Farm |
| 15:29 | Crear | Villager (Male) |
| 15:47 | Crear | Spearman |
| 16:09 | Crear | Villager (Male) |
| 16:16 | Construir | Palisade Wall |
| 16:21 | Crear | Spearman |
| 16:22 | Crear | Villager (Male) |
| 16:28 | Construir | Palisade Wall |
| 16:30 | Construir | Palisade Wall |
| 16:33 | Construir | Palisade Wall |
| 16:35 | Construir | House |
| 16:37 | Construir | Palisade Wall |
| 16:38 | Construir | Palisade Wall |
| 16:41 | Crear | Villager (Male) |
| 16:44 | Construir | Farm |
| 16:47 | Construir | Farm |
| 16:47 | Crear | Villager (Male) |
| 16:50 | Crear | Spearman |
| 16:54 | Construir | Farm |
| 16:56 | Crear | Spearman |
| 17:05 | Crear | Villager (Male) |
| 17:16 | Construir | Palisade Wall |
| 17:18 | Construir | Palisade Wall |
| 17:19 | Construir | Palisade Wall |
| 17:25 | Crear | Villager (Male) |
| 17:29 | Crear | Spearman |
| 17:43 | Construir | Farm |
| 17:46 | Construir | Farm |
| 17:46 | Crear | Villager (Male) |
| 17:48 | Crear | Spearman |
| 17:53 | Construir | Palisade Wall |
| 17:57 | Construir | Palisade Wall |
| 17:58 | Crear | Spearman |
| 18:10 | Crear | Spearman |
| 18:14 | Investigar | Scale Mail Armor |
| 18:36 | Crear | Spearman |
| 18:39 | Crear | Scout Cavalry |
| 18:46 | Crear | Villager (Male) |
| 19:00 | Construir | Watch Tower |
| 19:10 | Crear | Spearman |
| 20:12 | Crear | Villager (Male) |
| 20:15 | Crear | Villager (Male) |
| 20:30 | Crear | Villager (Male) |
| 20:39 | Construir | Market |
| 20:47 | Crear | Scout Cavalry |
| 21:33 | Investigar | Castle Age |
| 22:09 | Crear | Spearman |
| 22:14 | Crear | Spearman |
| 22:36 | Construir | Archery Range |
| 22:37 | Construir | Archery Range |
| 22:46 | Investigar | Fletching |
| 22:46 | Investigar | Padded Archer Armor |
| 22:52 | Crear | Spearman |
| 22:57 | Crear | Villager (Male) |
| 23:04 | Construir | Mule Cart |
| 23:26 | Crear | Spearman |
| 23:28 | Construir | Palisade Wall |
| 23:29 | Construir | Palisade Wall |
| 23:36 | Crear | Spearman |
Cronología de la partida
| 6:44 | Voxer El Brazilian · first_building Barracks |
| 7:08 | SneakySalmon · wall_segment Palisade Wall x1 |
| 7:10 | SneakySalmon · wall_segment Palisade Wall x1 |
| 7:11 | SneakySalmon · wall_segment Palisade Wall x1 |
| 7:13 | SneakySalmon · wall_segment Palisade Wall x1 |
| 7:13 | SneakySalmon · wall_segment Palisade Wall x1 |
| 7:16 | SneakySalmon · wall_segment Palisade Wall x1 |
| 7:19 | SneakySalmon · wall_segment Palisade Wall x1 |
| 7:19 | SneakySalmon · wall_segment Palisade Wall x1 |
| 7:20 | SneakySalmon · wall_segment Palisade Wall x1 |
| 7:20 | SneakySalmon · wall_segment Palisade Wall x1 |
| 7:48 | SneakySalmon · first_building Barracks |
| 8:30 | SneakySalmon · age_up feudal |
| 8:48 | SneakySalmon · first_building Stable |
| 8:58 | Voxer El Brazilian · age_up feudal |
| 9:00 | Voxer El Brazilian · first_building Stable |
| 12:27 | Voxer El Brazilian · wall_segment Palisade Wall x1 |
| 12:30 | Voxer El Brazilian · wall_segment Palisade Wall x1 |
| 13:37 | Voxer El Brazilian · wall_segment Palisade Wall x1 |
| 16:16 | Voxer El Brazilian · wall_segment Palisade Wall x1 |
| 16:28 | Voxer El Brazilian · wall_segment Palisade Wall x1 |
| 16:30 | Voxer El Brazilian · wall_segment Palisade Wall x1 |
| 16:33 | Voxer El Brazilian · wall_segment Palisade Wall x1 |
| 16:37 | Voxer El Brazilian · wall_segment Palisade Wall x1 |
| 16:38 | Voxer El Brazilian · wall_segment Palisade Wall x1 |
| 17:16 | Voxer El Brazilian · wall_segment Palisade Wall x1 |
| 17:18 | Voxer El Brazilian · wall_segment Palisade Wall x1 |
| 17:19 | Voxer El Brazilian · wall_segment Palisade Wall x1 |
| 17:53 | Voxer El Brazilian · wall_segment Palisade Wall x1 |
| 17:57 | Voxer El Brazilian · wall_segment Palisade Wall x1 |
| 21:30 | Voxer El Brazilian · first_market_buy 100 food |
| 21:31 | Voxer El Brazilian · first_market_sell 100 wood |
| 22:10 | SneakySalmon · age_up castle |
| 22:36 | Voxer El Brazilian · first_building Archery Range |
| 23:28 | Voxer El Brazilian · wall_segment Palisade Wall x1 |
| 23:29 | Voxer El Brazilian · wall_segment Palisade Wall x1 |
| 23:45 | Voxer El Brazilian · resign |
[ ANÁLISIS IA · 1 CRÉDITO ]
¿Qué pasó realmente en esta partida?
Wolo.gg analiza cada decisión: build order, eco, micro, errores típicos por bracket. Análisis personalizado por WhatsApp o Discord en 30 segundos.
Guía civ
Yurchen
Perfil
SneakySalmon